 Dungeon Crawl Stone Soup version 0.31-a0-259-g771a54ca4b (webtiles) character file.

Game seed: 2224293859002170909

29 qw the Shooter (level 3, -1/21 HPs)
             Began as a Gargoyle Hexslinger on July 13, 2023.
             Killed from afar by a dart slug (4 damage)
             ... with a slug dart
             ... on level 2 of the Dungeon.
             The game lasted 00:00:17 (999 turns).

qw the Shooter (Gargoyle Hexslinger)                 Turns: 999, Time: 00:00:17

Health: -1/21      AC:  5    Str: 11    XL:     3   Next: 16%
Magic:  4/4        EV: 12    Int: 13    God:
Gold:   43         SH:  0    Dex: 14    Spells: 3/4 levels left

rFire   . . .        Y - +3 sling
rCold   . . .        (no shield)
rNeg    + . .        c - +0 robe
rPois   inf          (no helmet)
rElec   +            (no cloak)
rCorr   .            (no gloves)
SInv    .            (no boots)
Will    .....        (no amulet)
Stlth   +            (no ring)
HPRegen 0.23/turn    (no ring)
MPRegen 0.09/turn

%: no passive effects
@: no status effects
A: sickness immunity, AC +3, negative energy resistance 1, electricity
resistance, torment resistance 1, petrification resistance
a: no special abilities


You were on level 2 of the Dungeon.
You visited 1 branch of the dungeon, and saw 2 of its levels.

You collected 43 gold pieces.


Innate Abilities, Weirdness & Mutations

You are immune to sickness and miasma.
Your stone body is resilient. (AC +3)
You are immune to poison.
You resist negative energy. (rN+)
You are resistant to electric shocks. (rElec)
You are resistant to unholy torment.
You are immune to petrification.


   Skills:
 - Level 2.0 Fighting
 + Level 3.1 Ranged Weapons
 - Level 1.5 Dodging
 - Level 1.0 Spellcasting
 - Level 2.6 Hexes


You had 3 spell levels left.
You knew the following spells:

 Your Spells              Type           Power      Damage    Failure   Level
a - Slow                  Hex            28%        N/A       10%         1

Your spell library contained the following spells:

 Spells                   Type           Power      Damage    Failure   Level
 Inner Flame              Hex/Fire       4%         N/A       43%         3
 Portal Projectile        Hex/Tloc       8%         N/A       43%         3
 Cause Fear               Hex            3%         N/A       67%         4

Inventory:

Hand Weapons
 Y - a +3 sling (weapon)
Armour
 a - a scarf of harm
 c - a +0 robe (worn)
Potions
 d - a potion of might {unknown}
 e - a potion of heal wounds {unknown}
 f - a potion of brilliance {unknown}

Dungeon Overview and Level Annotations

Branches:
Dungeon (2/15)

Altars:


Message History

The ball python bites you but does no damage.
The ball python grabs you. The ball python constricts you.
The rat closely misses you. The hobgoblin barely misses you.
The giant cockroach barely misses you. The ball python bites you.
The ball python constricts you.
You shoot a sling bullet.
The sling bullet closely misses the ball python.
A bat comes into view.
The rat barely misses you.
The hobgoblin hits you but does no damage.
The giant cockroach barely misses you. The ball python closely misses you.
The ball python constricts you. The hobgoblin barely misses you.
The rat bites you.
The endoplasm jiggles.
You shoot a sling bullet. The sling bullet hits the ball python.
The ball python is heavily wounded.
The giant cockroach bites you. The ball python barely misses you.
The ball python constricts you. The rat bites you.
The goblin hits you with a +0 club. The hobgoblin barely misses you.
The giant cockroach barely misses you. The ball python barely misses you.
The ball python constricts you.
You shoot a sling bullet. The sling bullet hits the ball python.
You kill the ball python!
The bat hits you but does no damage. The giant cockroach barely misses you.
The hobgoblin closely misses you. The rat barely misses you.
The goblin hits you but does no damage.
You shoot a sling bullet. The sling bullet hits the bat!
You kill the bat!
The giant cockroach barely misses you. The hobgoblin hits you.
The goblin hits you but does no damage. The rat bites you.
A dart slug comes into view.
A worm comes into view.
The giant cockroach barely misses you.
You shoot a sling bullet. The sling bullet hits the rat!
You kill the rat!
The hobgoblin barely misses you. The goblin hits you with a +0 club.
A hobgoblin comes into view.
The giant cockroach bites you but does no damage.
The dart slug launches a dart at you. The slug dart hits you.
You die...

#..#..# .....# #.##..#
##. .##..# #....#.. ..
##...### #......# ..
...# ..# #......# #.
.### #.###......##.
.#####..........?.# .
......#######.#g..##g#
#####.......#.#.@%..#
# #######...#gBJ..## #
###........w# #
#..##.....# ##.#
#....# #.. ..##w# ###.
..# . ..##. .# #.


You could see a worm, a dart slug, an endoplasm, a giant cockroach, 2 hobgoblins
and a goblin.

Vanquished Creatures
  2 endoplasms
  3 giant cockroaches (D:1)
  A goblin (D:1)
  2 hobgoblins
  3 kobolds (D:1)
  2 quokkas (D:1)
  4 ball pythons
  5 bats
  A frilled lizard (D:2)
  4 rats
27 creatures vanquished.

Notes
Turn   | Place    | Note
-------+----------+-------------------------------------------
     0 | D:1      | qw the Gargoyle Hexslinger began the quest for the Orb.
     0 | D:1      | Reached XP level 1. HP: 12/12 MP: 2/2
     0 | D:1      | 0 ||| qw: Version: 0.3-a-52-g30416fa
     0 | D:1      | 0 ||| qw: Game counter: 6834
     0 | D:1      | 0 ||| qw: Melee chars always use a shield: true
     0 | D:1      | 0 ||| qw: God list: Okawaru
     0 | D:1      | 0 ||| qw: Allow faded altars: false
     0 | D:1      | 0 ||| qw: Do Orc after clearing Dungeon:15 true
     0 | D:1      | 0 ||| qw: Do second Lair branch before Depths: true
     0 | D:1      | 0 ||| qw: Lair rune preference: random
     0 | D:1      | 0 ||| qw: Goals: Normal
     0 | D:1      | 0 ||| PLANNING D:1-11
   169 | D:1      | Reached XP level 2. HP: 16/16 MP: 3/3
   301 | D:1      | Reached skill level 3 in Ranged Weapons
   855 | D:1      | 855 ||| READING scroll labelled XEOF LUFA YRO.
   856 | D:1      | 856 ||| READING scroll labelled IJEJER MOHAUL.
   857 | D:1      | 857 ||| DROPPING scroll of poison.
   895 | D:2      | 895 ||| STAIRDANCE
   977 | D:2      | 977 ||| READING scroll of enchant weapon.
   977 | D:2      | 977 ||| ENCHANTING +2 sling.
   987 | D:2      | Reached XP level 3. HP: 21/21 MP: 4/4
   999 | D:2      | HP: 3/21 [goblin/+0 club (4)]
   999 | D:2      | Killed from afar by a dart slug

Levels and vault maps discovered:
D:1:      matt_arrival_spirals, layout_basic, feat_on_display
D:2:      layout_rooms, nrook_mini_backslash, minmay_vboxes

Skill      XL: |  1  2 |
---------------+-------+-----
Ranged Weapons | 3 |  3.1
Fighting       | 2 |  2.0
Dodging        | |  1.5
Spellcasting   | |  1.0
Hexes          | |  2.6

Action                     || total
---------------------------++-------
   Fire: Sling             ||    64
    Use: Scroll            ||     3
 Armour: Robe              ||    12
  Dodge: Dodged            ||    30

Table legend:
 A = Non-vault XP
 B = Vault XP
 C = Vault XP percentage of total XP
 D = Non-vault monster count
 E = Vault monster count
 F = Vault count percentage of total count
                 A         B        C        D         E       F
            +---------+---------+-------+---------+---------+-------
      Total |      36 |       7 |  16.3 |      23 |       4 |  14.8
            +---------+---------+-------+---------+---------+-------
        D:1 |      31 |       0 |   0.0 |      19 |       0 |   0.0
        D:2 |       5 |       7 |  58.3 |       4 |       4 |  50.0
            +---------+---------+-------+---------+---------+-------
